 Dungeon Crawl Stone Soup version 0.30.1-9-gdf580d7c3d (webtiles) character file.

Game seed: 4930619917768153429

174 Armgoth the Slasher (level 5, -5/47 HPs)
             Began as a Minotaur Berserker on Oct 3, 2023.
             Was a Believer of Trog.
             Succumbed to a kobold brigand's poison
             ... in a sewer on Oct 4, 2023.
             The game lasted 00:35:06 (6459 turns).

Armgoth the Slasher (Minotaur Berserker)            Turns: 6459, Time: 00:35:06

Health: -5/47      AC:  6    Str: 24    XL:     5   Next: 28%
Magic:  4/4        EV: 10    Int:  4    God:    Trog [**....]
Gold:   134        SH:  0    Dex:  9    Spells: 4/4 levels left

rFire   . . .        D - +0 flail
rCold   . . .        (no shield)
rNeg    . . .        H - +0 scale mail
rPois   .            (helmet restricted)
rElec   .            (no cloak)
rCorr   .            (no gloves)
SInv    .            (no boots)
Will    .....        (no amulet) Stlth
                     (no ring)
HPRegen 0.27/turn    (no ring)
MPRegen 0.09/turn

%: no passive effects
@: lethally poisoned (-5 -> -17), on berserk cooldown, slowed, very slow
A: horns 2, retaliatory headbutt
a: Renounce Religion, Berserk, Trog's Hand


You were in a sewer.
You worshipped Trog.
Trog was pleased with you.
You visited 1 branch of the dungeon, and saw 3 of its levels.
You also visited: Sewer.

You collected 134 gold pieces.

Inventory:

Hand Weapons
 a - a +0 falchion
 g - a +0 whip
 k - a +0 rapier
 m - a +0 short sword
 o - a +0 whip
 w - a +0 trident
 x - a +0 hand axe
 y - a +0 trident
 A - a +0 dagger
 B - a +0 quarterstaff
 D - a +0 flail (weapon)
Missiles
 d - 2 javelins
 n - 6 boomerangs (quivered)
 r - 6 boomerangs of dispersal
 I - 2 throwing nets
Armour
 b - a +0 animal skin
 u - a +0 ring mail
 v - a +0 robe
 H - a +0 scale mail (worn)
Magical Staves
 j - a staff of earth
Scrolls
 h - 4 scrolls of identify {unknown}
 i - a scroll of magic mapping {unknown}
 l - a scroll of silence {unknown}
 p - a scroll of brand weapon {unknown}
 s - a scroll of enchant weapon {unknown}
 t - a scroll of noise {unknown}
 C - a scroll of immolation {unknown}
 E - 3 scrolls of teleportation {unknown}
Potions
 c - 4 potions of resistance {unknown}
 e - 3 potions of haste {unknown}
 f - 5 potions of heal wounds {unknown}
 q - a potion of flight {unknown}
 z - a potion of berserk rage {unknown}
 F - 2 potions of curing {unknown}
 G - a potion of degeneration {unknown}


   Skills:
 + Level 4.7 Fighting
 + Level 4.9 Long Blades
 + Level 2.0 Maces & Flails
 + Level 0.5 Throwing
 + Level 3.6 Armour
 + Level 2.9 Dodging
 + Level 0.1 Stealth


You had 4 spell levels left.
You didn't know any spells.
Your spell library was empty.

Dungeon Overview and Level Annotations

Branches:
Dungeon (3/15)              Sewer (1/1)

Altars:


Innate Abilities, Weirdness & Mutations

You have a pair of horns on your head.
You reflexively headbutt those who attack you in melee.


Message History

A kobold comes into view. It is wielding a +0 whip.
Why would you want to do that? Why would you want to do that?
Unknown command.
Why would you want to do that?
Unknown command.
Why would you want to do that? What are your orders? t - Shout!
Orders for allies: a - Attack new target. r - Retreat! s - Stop attacking. g - Guard the area. f - Follow me.
Anything else - Cancel.
Okay, then.
Hit: D) +0 flail
Press: ? - help, Dir - move target, f - kobold brigand
Aim: a kobold brigand, wielding a +0 whip and quivering poisoned darts (about 55% to evade your +0 flail)
Your weapon can't reach that far!
Okay, then.
You feel very sick.
You are no longer poisoned.
The kobold shouts!
The kobold brigand throws a poisoned dart.
The poisoned dart barely misses you.
The kobold throws a stone.
The stone hits you but does no damage.
The kobold brigand throws a poisoned dart.
The poisoned dart barely misses you.
The kobold throws a stone.
The stone hits you but does no damage.
The kobold throws a stone.
The stone hits you but does no damage.
The kobold brigand throws a poisoned dart.
The poisoned dart hits you!
You are poisoned.
The kobold throws a stone.
The stone hits you but does no damage.
The kobold brigand throws a poisoned dart.
The poisoned dart hits you!
You are lethally poisoned!
Items here: (( )))) ††.
* * * LOW HITPOINT WARNING * * *
You feel extremely sick.
You die...

#~# #~# #~# #~#
#~# #~# #~# #~#
#@# #~#
#########)##
#.~.~....~~######
#~~~~~~~~~~~.~...
#~~≈≈≈~~~~~~~≈~~~
..~~≈≈≈≈≈≈≈≈≈≈≈≈≈≈
.#.~≈≈≈~~~K~~~~~~~
#.~~~K~..~~......


You could see a kobold brigand.

Vanquished Creatures
  A kobold brigand (Sewer)
  A gnoll (D:1)
  2 adders
  2 worms
  A dart slug (D:2)
  2 orcs
  7 endoplasms
  3 giant cockroaches
  4 goblins
  2 hobgoblins
  3 jackals (Sewer)
  5 quokkas
  6 ball pythons
  7 bats
  9 kobolds
  12 rats
67 creatures vanquished.

Notes
Turn   | Place    | Note
-------+----------+-------------------------------------------
     0 | D:1      | Armgoth the Minotaur Berserker began the quest for the Orb.
     0 | D:1      | Reached XP level 1. HP: 19/19 MP: 0/0
   127 | D:1      | Reached XP level 2. HP: 13/27 MP: 1/1
  4816 | D:2      | Reached XP level 3. HP: 18/33 MP: 2/2
  5111 | D:2      | Reached * piety under Trog
  5119 | D:2      | Found a faded altar of an unknown god.
  5806 | D:3      | Reached XP level 4. HP: 39/41 MP: 3/3
  6208 | D:3      | Found a glowing drain.
  6213 | D:3      | Reached ** piety under Trog
  6392 | Sewer    | Entered a sewer
  6430 | Sewer    | Noticed a kobold brigand
  6431 | Sewer    | Noticed a kobold brigand
  6440 | Sewer    | Reached skill level 1 in Maces & Flails
  6444 | Sewer    | Killed a kobold brigand
  6445 | Sewer    | Reached XP level 5. HP: 28/47 MP: 4/4
  6458 | Sewer    | HP: 2/47 [poisoned by a kobold brigand]
  6459 | Sewer    | Succumbed to a kobold brigand's poison

Illustrated notes

Levels and vault maps discovered:
D:1:      dpeg_arrival_boxorama, layout_basic, nrook_uturn
D:2:      layout_rooms, hellmonk_ecumenical_altar_leap_of_faith, corexii_shack,
          minmay_misc_feat_doors, minivault_11, serial_bayou_pond_c,
          skrybe_limestone_x
D:3:      layout_basic, cheibrodos_sewer_entry_sluice
Sewer:    sewer_kobolds

Skill      XL: |  1  2  3  4 |
---------------+-------------+-----
Fighting       | 4 |  4.7
Long Blades    | 4 |  4.9
Armour         | 3 |  3.6
Maces & Flails | 2 |  2.0
Throwing       | |  0.5
Dodging        | |  2.9
Stealth        | |  0.1

Action                     |  1- 3 |  4- 6 || total
---------------------------+-------+-------++-------
  Melee: Falchion          |   105 |       ||   105
         Headbutt          |    24 |    11 ||    35
         Flail             |    20 |    53 ||    73
         Punch             |     1 |       ||     1
  Throw: Boomerang         |     3 |       ||     3
         Javelin           |     2 |       ||     2
 Invoke: Berserk           |     2 |     1 ||     3
 Armour: Animal skin       |     7 |       ||     7
         Ring mail         |     6 |     1 ||     7
         Scale mail        |       |    27 ||    27
  Dodge: Dodged            |    50 |    45 ||    95
